 Dungeon Crawl Stone Soup version 0.26.0-7-g794d0892b4 (webtiles) character file.

Game seed: 15894635270280785979

363824 DocSulfur the Necromancer (level 21, -9/153 HPs)
             Began as a Demonspawn Necromancer on Jan 11, 2021.
             Was the Champion of Makhleb.
             Mangled by a caustic shrike skeleton (12 damage)
             ... animated by the malice of Kikubaaqudgha
             ... on level 5 of the Depths on Jan 12, 2021.
             The game lasted 07:05:26 (61376 turns).

DocSulfur the Necromancer (Demonspawn Necromancer) Turns: 61376, Time: 07:05:28

Health: -9/153     AC: 30    Str: 26    XL:     21   Next: 54%
Magic:  37/49      EV: 18    Int: 27    God:    Makhleb [******]
Gold:   3529       SH: 15    Dex: 16    Spells: 14/51 levels left

rFire    + . .     SeeInvis +   K - +4 demon trident (elec)
rCold    + . .     Faith    +   r - +1 kite shield {reflect}
rNeg     . . .     Spirit   .   i - +3 ring mail of the Shining Light {Will+ Int+2 Dex+2}
rPois    +         Reflect  +   R - +2 hat {SInv}
rElec    +         Harm     .   D - +1 cloak {Will+}
rCorr    .         Rampage  .   g - +0 pair of gloves of Hangman {Str+6}
Will     +++..                  (boots unavailable)
Stlth    +.........             p - amulet of faith
HPRegen  0.35/turn              h - ring "Miuleah" {rElec MP+9 Str+5 Int+3 SInv}
MPRegen  0.31/turn              Z - ring of protection from fire

@: slowed, very slow
A: hooves 3, slimy green scales 3, see invisible, blink, cold resistance 1,
demonic guardian 2, icemail, poison resistance, electricity resistance, strong
1, freezing cloud immunity
}: 2/15 runes: serpentine, barnacled
a: Blink, Renounce Religion, Minor Destruction, Lesser Servant of Makhleb, Major
Destruction, Greater Servant of Makhleb


You were on level 5 of the Depths.
You worshipped Makhleb.
Makhleb was exalted by your worship.
You visited 8 branches of the dungeon, and saw 41 of its levels.

You collected 4226 gold pieces.
You spent 697 gold pieces at shops.

Inventory:

Hand Weapons
 K - a +4 demon trident of electrocution (weapon)
 S - a +5 vampiric trident
 V - a +5 vampiric war axe
Missiles
 a - 30 silver javelins (quivered)
 f - 11 throwing nets
Armour
 g - the +0 pair of gloves of Hangman (worn) {Str+6}
   (You bought it in a shop on level 2 of the Orcish Mines)

   It affects your strength (+6).
 i - the +3 ring mail of the Shining Light (worn) {Will+ Int+2 Dex+2}
   (You found it on level 5 of the Dungeon)

   It affects your intelligence (+2).
   It affects your dexterity (+2).
   It affects your willpower, your defense against some magical effects.
 r - a +1 kite shield of reflection (worn)
 D - a +1 cloak of willpower (worn)
 R - a +2 hat of see invisible (worn)
Magical Staves
 B - an uncursed staff of death
Jewellery
 h - the ring "Miuleah" (left hand) {rElec MP+9 Str+5 Int+3 SInv}
   (You acquired it on level 11 of the Dungeon)

   [ring of magical power]

   It affects your strength (+5).
   It affects your intelligence (+3).
   It insulates you from electricity.
   It affects your magic capacity (+9).
   It lets you see invisible.
 n - the ring "Qavoalew" {rF+ Int+4 Dex+2 SInv}
   (You acquired it on level 11 of the Dungeon)

   [ring of protection from fire]

   It affects your intelligence (+4).
   It affects your dexterity (+2).
   It protects you from fire.
   It lets you see invisible.
 p - an amulet of faith (around neck)
 v - an uncursed ring of protection from cold
 C - an uncursed ring of wizardry
 P - an uncursed ring of positive energy
 Q - an uncursed ring of flight
 X - an uncursed amulet of regeneration
 Z - a ring of protection from fire (right hand)
Wands
 y - a wand of digging (6)
 E - a wand of acid (34)
 F - a wand of enslavement (7)
 U - a wand of paralysis (38)
Scrolls
 e - 3 scrolls of fear
 k - 8 scrolls of fog
 o - 19 scrolls of remove curse
 q - 4 scrolls of identify
 t - 9 scrolls of amnesia
 w - 16 scrolls of teleportation
 A - 5 scrolls of blinking
 G - a scroll of enchant armour
 I - 6 scrolls of magic mapping
 J - a scroll of torment
 L - a scroll of enchant weapon
 W - a scroll of silence
Potions
 b - 7 potions of cancellation
 c - 2 potions of magic
 d - 4 potions of heal wounds
 j - 6 potions of brilliance
 l - 2 potions of curing
 m - 5 potions of haste
 s - 2 potions of flight
 u - a potion of mutation
 x - 3 potions of berserk rage
 z - 4 potions of resistance
 H - 3 potions of invisibility
 N - 3 potions of ambrosia
 O - 4 potions of might
 T - 5 potions of lignification
Miscellaneous
 Y - a phantom mirror


   Skills:
 - Level 10.2 Fighting
 - Level 14.0 Polearms
 - Level 10.0 Armour
 - Level 10.0 Dodging
 - Level 1.7 Stealth
 - Level 14.3 Shields
 * Level 15.8 Spellcasting
 - Level 18.0 Necromancy
 + Level 2.8 Transmutations
 + Level 8.7 Fire Magic
 - Level 12.0 Earth Magic


You had 14 spell levels left.
You knew the following spells:

 Your Spells              Type           Power        Failure   Level
a - Agony                 Necr           87%          1%          5
b - Animate Dead          Necr           43%          1%          4
c - Vampiric Draining     Necr           43%          0%          3
d - Death Channel         Necr           43%          1%          6
e - Dispel Undead         Necr           87%          1%          4
f - Ignition              Fire           31%          100%        8
h - Sublimation of Blood  Necr           43%          0%          2
i - Borgnjor's Vile Clut  Necr/Erth      40%          1%          5

Your spell library contained the following spells:

 Spells                   Type           Power        Failure   Level
 Animate Skeleton         Necr           100%         0%          1
 Pain                     Necr           100%         0%          1
 Foxfire                  Conj/Fire      100%         1%          1
 Sandblast                Erth           100%         1%          1
 Passwall                 Tmut/Erth      47%          1%          2
 Conjure Flame            Conj/Fire      45%          1%          3
 Inner Flame              Hex/Fire       45%          1%          3
 Petrify                  Tmut/Erth      57%          1%          4
 Excruciating Wounds      Necr           43%          1%          5
 Apportation              Tloc           42%          3%          1
 Corona                   Hex            23%          3%          1
 Magic Dart               Conj           84%          3%          1
 Shock                    Conj/Air       84%          3%          1
 Summon Small Mammal      Summ           84%          3%          1
 Leda's Liquefaction      Hex/Erth       26%          3%          4
 Blink                    Tloc           N/A          5%          2
 Call Imp                 Summ           21%          5%          2
 Searing Ray              Conj           42%          5%          2
 Slow                     Hex            21%          5%          2
 Swiftness                Air            21%          5%          2
 Sticky Flame             Conj/Fire      45%          6%          4
 Bolt of Magma            Conj/Fire/Erth 28%          6%          5
 Call Canine Familiar     Summ           21%          11%         3
 Confusing Touch          Hex            21%          11%         3
 Dazzling Flash           Conj/Hex       42%          11%         3
 Gell's Gravitas          Tloc           10%          11%         3
 Lesser Beckoning         Tloc           10%          11%         3
 Mephitic Cloud           Conj/Pois/Air  21%          11%         3
 Portal Projectile        Hex/Tloc       42%          11%         3
 Static Discharge         Conj/Air       21%          11%         3
 Summon Guardian Golem    Hex/Summ       21%          11%         3
 Teleport Other           Tloc           21%          11%         3
 Tukima's Dance           Hex            21%          11%         3
 Borgnjor's Revivificati  Necr           43%          14%         8
 Infestation              Necr           43%          14%         8
 Fireball                 Conj/Fire      22%          16%         5
 Statue Form              Tmut/Erth      38%          26%         6
 Airstrike                Air            10%          34%         4
 Cause Fear               Hex            10%          34%         4
 Fulminant Prism          Conj/Hex       10%          34%         4
 Iskenderun's Mystic Bla  Conj/Tloc      21%          34%         4
 Passage of Golubria      Tloc           N/A          34%         4
 Summon Ice Beast         Ice/Summ       21%          34%         4
 Summon Lightning Spire   Summ/Air       21%          34%         4
 Iron Shot                Conj/Erth      26%          43%         6
 Alistair's Intoxication  Tmut/Pois      19%          50%         5
 Yara's Violent Unravell  Hex/Tmut       14%          50%         5
 Haunt                    Necr/Summ      31%          58%         7
 Iskenderun's Battlesphe  Conj           21%          69%         5
 Lightning Bolt           Conj/Air       10%          69%         5
 Metabolic Englaciation   Hex/Ice        10%          69%         5
 Summon Demon             Summ           10%          69%         5
 Summon Mana Viper        Hex/Summ       21%          69%         5
 Death's Door             Necr           43%          92%         9
 Necromutation            Tmut/Necr      33%          97%         8
 Invisibility             Hex            21%          99%         6
 Malign Gateway           Summ/Tloc      10%          100%        7
 Orb of Destruction       Conj           10%          100%        7
 Spellforged Servitor     Conj/Summ      10%          100%        7
 Summon Hydra             Summ           10%          100%        7
 Shatter                  Erth           36%          100%        9
 Tornado                  Air            10%          100%        9


Dungeon Overview and Level Annotations

Branches:
Dungeon (15/15)            Temple (1/1) D:5            Lair (6/6) D:11
 Shoals (4/4) Lair:2        Snake (4/4) Lair:2        Slime (0/5) Lair:5
    Orc (2/2) D:11            Elf (0/3) Orc:2        Vaults (4/5) D:14
  Crypt (0/3) Vaults:3     Depths (5/5) D:15            Zot (0/5) Depths:5

Altars:
Ashenzari
Cheibriados
Dithmenos
Elyvilon
Fedhas
Gozag
Hepliaklqana
Kikubaaqudgha
Makhleb
Nemelex Xobeh
Okawaru
Qazlal
Ru
Sif Muna
Trog
Uskayaw
Vehumet
Wu Jian
Xom
Yredelemnul
Zin
The Shining One
Beogh
Jiyva

Shops:
D:13 [}(   D:15 [   Orc:2 ?[[}   Shoals:2 }   Vaults:2 *   Vaults:3 }:((
Vaults:4 (   Depths:1 *[[[   Depths:5 *

Portals:
Hell: Depths:1 Depths:3 Depths:4 Depths:5
Abyss: Depths:4
Ziggurat: Depths:4

Annotations:
D:4 exclusion: statue


Innate Abilities, Weirdness & Mutations

You have hooves in place of feet.
You are completely covered in slimy green scales. (AC +4, rPois)
Your flesh is cold resistant. (rC+)
A demonic guardian rushes to your aid.
A meltable icy envelope protects you from harm. (AC +10)
You are immune to freezing clouds.
You have supernaturally acute eyesight. (SInv)
You can translocate small distances at will.
Your system is resistant to poisons. (rPois)
You are resistant to electric shocks. (rElec)
Your muscles are strong. (Str +2)


Message History

The caustic shrike skeleton struggles to escape constriction. x2
Your soul eater completely misses the caustic shrike skeleton.
The caustic shrike skeleton escapes!
Your soul eater hits the centaur warrior skeleton.
Casting: Borgnjor's Vile Clutch (mildly dangerous; 1% risk of failure)
Confirm with . or Enter, or press ? or * to list all spells.
Aiming: Borgnjor's Vile Clutch (mildly dangerous; 1% risk of failure)
Press: ? - help, Shift-Dir - straight line, f/p - caustic shrike skeleton
Aim: a caustic shrike skeleton (severely damaged, 0% to evade) Zombie hands grab the caustic shrike skeleton.
Zombie hands grab the centaur warrior skeleton.
Your soul eater is unaffected.
The zombie hands constrict the caustic shrike skeleton!
The zombie hands constrict the centaur warrior skeleton!
The caustic shrike skeleton claws you!!
* * * LOW HITPOINT WARNING * * *
You block the caustic shrike skeleton's attack.
Your soul eater hits the centaur warrior skeleton!!
The caustic shrike skeleton claws you!
You die...

##....###.........##### #.#
......................## #.#
####.#####.............####
#.# #.#
#.#.......#......#####..
#.#####.#..........(##.##.####
#..☼......####.)........#..##.
########.##...)...............
#.....)................
######@Z..............#
##Z#Z.........!..#
##Z.........)..).
#.3#...}........
######.....[.... ##..####...
##.# #..# ### ####


You could see a golden dragon skeleton, a centaur warrior skeleton (clutched), a
deep troll shaman skeleton, a caustic shrike skeleton (clutched) and a friendly
soul eater (summoned).

Vanquished Creatures
  A juggernaut (Depths:3)
  Frederick (Depths:5)
  The ghost of howech the Severer, a veteran MiGl of the Shining One (Vaults:2)
  Margery (Depths:4)
  Vashnia (Snake:4)
  A golden dragon (Depths:3)
  A bone dragon (Depths:5)
  A lich (Vaults:4)
  A kraken (Shoals:3)
  2 sphinxes (Depths:3)
  2 tengu reavers
  A storm dragon (Vaults:3)
  9 nagarajas
  The ghost of Ettath the Severer, a journeyman HOFi of Okawaru (Shoals:2)
  4 fire giants
  2 frost giants
  5 vault wardens
  A deep elf sorcerer (Depths:4)
  An orc warlord (Vaults:2)
  Aizul (Shoals:1)
  Louise (Shoals:1)
  A war gargoyle (Vaults:3)
  2 ironheart preservers
  6 stone giants
  3 very ugly things
  A white draconian (Depths:5)
  An entropy weaver (Vaults:4)
  3 green draconians (Depths:5)
  3 merfolk javelineers
  Snorg (D:10)
  3 merfolk impalers (Shoals:4)
  4 ettins
  Erolcha (D:10)
  6 ogre magi
  2 fire dragons
  A vault guard (Vaults:3)
  4 yaktaur captains
  A deep elf death mage (Depths:3)
  11 naga warriors
  A hydra (Lair:6)
  4 great orbs of eyes
  3 ice dragons
  7 centaur warriors
  4 boulder beetles
  2 merfolk avatars
  2 catoblepae
  5 anacondas
  2 death knights
  12 two-headed ogres
  6 deep troll shamans
  2 merfolk aquamancers
  A death yak (Lair:4)
  A queen ant (Lair:6)
  4 satyrs (Shoals:4)
  A vampire mage (Depths:5)
  3 orc high priests (Vaults:2)
  4 shock serpents
  4 deep troll earth magi
  4 spriggan berserkers
  A shock serpent (shapeshifter) (Vaults:2)
  16 naga sharpshooters
  3 deep elf knights
  7 hell knights
  2 fire crabs (Shoals:4)
  2 shadow wraiths
  A fire crab (shapeshifter) (Vaults:4)
  4 skeletal warriors
  2 flayed ghosts
  13 sea snakes
  A salamander mystic (Snake:3)
  2 glowing orange brains
  7 deep trolls
  6 naga ritualists
  5 deep elf archers
  A wizard (Vaults:1)
  15 harpies
  5 ironbrand convokers
  A necromancer (Vaults:4)
  6 wolf spiders
  2 frost giant zombies (Vaults:4)
  A mana viper (shapeshifter) (D:13)
  An iron dragon zombie (Depths:4)
  7 orc knights
  20 fauns
  A fire giant zombie (Vaults:4)
  5 orc sorcerers
  6 deep elf magi
  12 manticores
  8 mana vipers
  A stone giant zombie (Depths:5)
  A manticore (shapeshifter) (D:15)
  29 ugly things
  3 oklob plants (D:11)
  5 salamanders
  A salamander (shapeshifter) (Vaults:4)
  10 cyclopes
  A fire giant skeleton (Depths:5)
  An elephant (shapeshifter) (Vaults:3)
  22 black mambas
  4 guardian serpents
  4 stone giant skeletons
  5 merfolk sirens
  A spectral swamp worm (Depths:5)
  5 water nymphs
  2 cane toads (shapeshifter)
  7 vault sentinels
  A torpor snail (Lair:5)
  12 naga magi
  A kobold demonologist (D:13)
  A komodo dragon (shapeshifter) (Vaults:2)
  11 cane toads
  2 rime drakes
  10 komodo dragons
  26 yaktaurs
  A white draconian skeleton (Depths:5)
  3 freezing wraiths
  2 tengu conjurers (D:15)
  An efreet (D:13)
  An ice devil (Depths:5)
  A hellwing (Depths:5)
  2 yaktaur skeletons
  A red devil (Depths:3)
  5 trolls
  22 merfolk
  A troll (shapeshifter) (Vaults:4)
  6 hornets
  2 polar bears
  A meliai (shapeshifter) (D:15)
  2 raiju (Depths:2)
  A wolf spider simulacrum (Vaults:1)
  5 wind drakes
  7 dream sheep
  11 slime creatures (Vaults:3)
  A deep troll zombie (Depths:5)
  A spriggan zombie (Depths:4)
  8 blink frogs
  2 ettin zombies
  A fire dragon zombie (Depths:5)
  4 snapping turtles
  A flying skull (Vaults:3)
  3 wraiths
  A redback (Vaults:4)
  Sigmund (D:6)
  A vampire (D:15)
  A shadow (Depths:2)
  A spriggan (Depths:5)
  7 water elementals
  A deep troll skeleton (Depths:4)
  6 wyverns
  3 ettin skeletons
  A fire dragon skeleton (Depths:5)
  3 ice dragon skeletons
  An elf zombie (Vaults:4)
  17 yaks
  A hog (D:14)
  7 basilisks
  A steam dragon (D:7)
  A vampire mosquito (D:13)
  An ogre zombie (Vaults:4)
  2 elf skeletons
  57 nagas
  8 wargs
  A tengu zombie (Depths:5)
  7 soldier ants
  3 hell hounds (Depths:2)
  8 water moccasins
  A swamp drake (D:11)
  2 ogre skeletons (Depths:5)
  3 ice beasts
  3 sky beasts
  24 orc warriors
  3 phantoms
  19 boggarts
  An eye of draining (D:9)
  2 black bears
  A necrophage (D:11)
  16 ogres
  4 wolves (Depths:2)
  12 centaurs
  5 human zombies
  4 yaktaur zombies
  15 bullfrogs
  A gnoll sergeant (D:6)
  A wyvern zombie (D:9)
  4 scorpions
  7 killer bees
  A tengu skeleton (Depths:5)
  10 wights
  2 electric eels (Lair:3)
  2 bullfrog zombies (D:8)
  4 jellies
  A quasit (D:8)
  2 centaur zombies
  4 hounds
  13 orc priests
  2 centaur skeletons
  29 orc wizards
  2 bullfrog skeletons
  5 iguanas
  12 worker ants
  Robin (D:4)
  A worker ant zombie (D:8)
  8 gnolls
  A howler monkey skeleton (D:4)
  12 adders
  A shadow imp (D:6)
  2 white imps
  An ufetubus (D:7)
  An ooze (D:2)
  An adder zombie (D:7)
  A worm (D:2)
  5 dart slugs
  4 leopard geckos
  68 orcs
  A ball python (D:1)
  4 bats
  6 giant cockroaches
  17 goblins
  9 hobgoblins
  16 jackals
  8 kobolds
  2 quokkas (D:2)
  4 frilled lizards
  2 leopard gecko skeletons
  A quokka skeleton (D:6)
  5 rats
  A tentacle (Shoals:3)
1131 creatures vanquished.

Vanquished Creatures (collateral kills)
  Boris (Depths:5)
  Saint Roka (Depths:5)
  Nikola (Depths:3)
  A golden dragon (Vaults:4)
  Jorgrun (D:14)
  Gastronok (Lair:1)
  An ancient champion (Vaults:3)
  A storm dragon (Depths:1)
  Kirke (D:14)
  A shadow dragon (Depths:3)
  2 tengu reavers
  A fire giant (Vaults:4)
  8 nagarajas (Snake:4)
  2 vault wardens
  A deep elf sorcerer (Vaults:4)
  A draconian scorcher (Depths:5)
  A very ugly thing (Depths:4)
  3 stone giants
  2 ironheart preservers (Vaults:4)
  2 vampire knights
  A dire elephant (Lair:6)
  2 entropy weavers (Lair:6)
  A white draconian (Depths:5)
  4 ettins
  A merfolk javelineer (Shoals:2)
  4 merfolk impalers
  2 fire dragons (Depths:5)
  A great orb of eyes (Depths:1)
  3 boulder beetles
  2 vault guards (Vaults:3)
  Fannar (D:11)
  2 yaktaur captains
  4 hydras
  17 naga warriors
  3 merfolk avatars
  A catoblepas (Lair:4)
  4 ogre magi
  4 anacondas
  4 centaur warriors
  A merfolk aquamancer (Shoals:2)
  A death knight (Vaults:4)
  2 deep troll shamans (Depths:3)
  9 two-headed ogres
  2 tengu warriors
  A satyr (Shoals:4)
  Urug (Lair:2)
  3 shock serpents
  6 death yaks (Lair:6)
  9 naga sharpshooters
  2 deep elf knights (Vaults:4)
  A hell knight (Depths:4)
  An iron troll (Depths:3)
  8 sea snakes
  2 spectral hydras (Depths:2)
  9 deep trolls
  5 naga ritualists
  A deep elf archer (Vaults:4)
  A harpy (shapeshifter) (Depths:1)
  A lindwurm (Lair:5)
  2 wizards
  A phantasmal warrior (Vaults:3)
  An ironbrand convoker (Vaults:1)
  5 orc knights
  7 harpies
  A deep elf mage (Vaults:3)
  A wolf spider zombie (D:12)
  Pikel (D:5)
  7 orc sorcerers
  22 ugly things
  A wolf spider (Vaults:4)
  A faun (Shoals:1)
  3 mana vipers
  3 cyclopes
  5 salamanders
  4 manticores
  2 guardian serpents
  18 black mambas
  15 elephants
  4 water nymphs
  2 merfolk sirens (Shoals:2)
  3 spectral swamp worms (Depths:5)
  3 centaur skeletons
  10 cane toads
  9 naga magi
  A torpor snail (Lair:6)
  8 yaktaurs
  5 freezing wraiths
  4 komodo dragons
  8 rime drakes
  An anaconda simulacrum (Depths:2)
  A komodo dragon (shapeshifter) (Vaults:1)
  4 hornets
  3 polar bears (Lair:6)
  11 merfolk
  3 trolls
  3 wind drakes
  Prince Ribbit (D:5)
  24 blink frogs
  A deep troll zombie (Depths:5)
  7 slime creatures
  7 snapping turtles
  7 dream sheep
  An ettin zombie (Depths:4)
  A human simulacrum (Vaults:2)
  2 spriggans (Depths:5)
  A redback (shapeshifter) (Depths:1)
  A wraith (Shoals:3)
  2 ice dragon skeletons (Depths:4)
  A redback (Vaults:4)
  2 hogs (D:14)
  A fire bat (Shoals:4)
  11 water elementals
  A basilisk (D:13)
  35 yaks
  A neqoxec (Depths:5)
  2 vampire mosquitoes (D:13)
  15 soldier ants (Lair:6)
  4 wargs
  31 nagas
  2 acid dragons
  3 hell hounds (Depths:2)
  8 water moccasins
  A necrophage (D:6)
  9 orc warriors
  A black bear (shapeshifter) (D:15)
  6 ogres
  An orc skeleton (Vaults:4)
  Blork the orc (Orc:1)
  5 bullfrogs
  A gnoll sergeant (Orc:1)
  2 scorpions
  A water moccasin skeleton (D:5)
  14 killer bees
  2 howler monkeys
  3 wights (D:6)
  4 orc priests
  11 orc wizards
  A bullfrog skeleton (D:13)
  2 iguanas (D:13)
  16 worker ants
  A mummy (D:4)
  2 worker ant zombies (D:5)
  2 gnolls (D:5)
  A shadow imp (D:7)
  30 orcs
  A goblin (D:1)
  A frilled lizard (D:5)
  A jackal skeleton (D:5)
  2 rats (D:1)
  A plant (Lair:6)
  3 tentacles (Shoals:3)
641 creatures vanquished.

Vanquished Creatures (others)
  2 black mambas (Snake:4)
  2 wargs (Depths:2)
  An orc wizard (Orc:2)
  38 fungi
  256 plants
  4 tentacles (Shoals:3)
  5 toadstools (D:1)
  A withered plant (Shoals:1)
309 creatures vanquished.

Grand Total: 2081 creatures vanquished

Notes
Turn   | Place    | Note
-------+----------+-------------------------------------------
     0 | D:1      | DocSulfur the Demonspawn Necromancer began the quest for
                  | the Orb.
     0 | D:1      | Reached XP level 1. HP: 13/13 MP: 3/3
     2 | D:1      | Learned a level 1 spell: Animate Skeleton
   511 | D:1      | Gained mutation: Your flesh is cold resistant. (rC+)
                  | [demonic ancestry]
   511 | D:1      | Reached XP level 2. HP: 10/19 MP: 0/5
  1262 | D:1      | Reached XP level 3. HP: 21/24 MP: 1/7
  1496 | D:2      | Found a snail-covered altar of Cheibriados.
  1725 | D:2      | Learned a level 3 spell: Vampiric Draining
  2143 | D:2      | Reached skill level 5 in Necromancy
  2198 | D:2      | Gained mutation: You are partially covered in slimy green
                  | scales. (AC +2) [demonic ancestry]
  2198 | D:2      | Reached XP level 4. HP: 28/31 MP: 5/9
  2620 | D:3      | Found a sparkling altar of Nemelex Xobeh.
  2654 | D:3      | Found an ornate altar of the Wu Jian Council.
  2721 | D:3      | Noticed a bullfrog
  2733 | D:3      | Killed a bullfrog
  2734 | D:3      | Reached skill level 1 in Fighting
  2734 | D:3      | Gained mutation: You have large cloven feet. [demonic
                  | ancestry]
  2734 | D:3      | Reached XP level 5. HP: 21/37 MP: 1/10
  3569 | D:3      | Found a sacrificial altar of Ru.
  3626 | D:4      | Noticed Robin
  3892 | D:4      | Noticed an ogre
  4555 | D:3      | Gained mutation: A weak demonic guardian rushes to your
                  | aid. [demonic ancestry]
  4555 | D:3      | Reached XP level 6. HP: 32/44 MP: 8/12
  4943 | D:4      | Killed Robin
  4962 | D:4      | Reached skill level 6 in Necromancy
  5103 | D:4      | Reached skill level 5 in Spellcasting
  5319 | D:4      | Gained mutation: You are immune to freezing clouds.
                  | [demonic ancestry]
  5319 | D:4      | Reached XP level 7. HP: 37/52 MP: 4/15
  5538 | D:4      | Found a snail-covered altar of Cheibriados.
  5643 | D:4      | Found a radiant altar of Vehumet.
  5887 | D:5      | Entered Level 5 of the Dungeon
  5933 | D:5      | Reached skill level 1 in Shields
  6106 | D:5      | Got a jewelled ring mail
  6116 | D:5      | Identified the +3 ring mail of the Shining Light {Will+
                  | Int+2 Dex+2} (You found it on level 5 of the Dungeon)
  6219 | D:5      | Noticed Prince Ribbit
  6243 | D:5      | Reached skill level 1 in Armour
  6243 | D:5      | Reached skill level 7 in Necromancy
  6246 | D:5      | Killed Prince Ribbit
  6247 | D:5      | Gained mutation: A demonic guardian rushes to your aid.
                  | [demonic ancestry]
  6247 | D:5      | Reached XP level 8. HP: 43/58 MP: 0/16
  6258 | D:5      | Found a staircase to the Ecumenical Temple.
  6263 | D:5      | Noticed Pikel
  6269 | D:5      | Killed Pikel
  6270 | D:5      | Reached skill level 8 in Necromancy
  6302 | Temple   | Entered the Ecumenical Temple
  6464 | Temple   | Became a worshipper of Kikubaaqudgha
  6694 | D:5      | Found a shimmering blue altar of Sif Muna.
  7265 | D:5      | Learned a level 4 spell: Animate Dead
  7271 | D:5      | Learned a level 5 spell: Agony
  7537 | D:6      | Found a shadowy altar of Dithmenos.
  7891 | D:6      | Noticed Sigmund
  8078 | D:6      | Reached skill level 5 in Armour
  8256 | D:6      | Gained mutation: You have hoof-like feet. [demonic
                  | ancestry]
  8256 | D:6      | Reached XP level 9. HP: 53/63 MP: 5/17
  8551 | D:6      | Killed Sigmund
  8948 | D:7      | Reached * piety under Kikubaaqudgha
  8948 | D:7      | Identified Kikubaaqudgha's Disquisition on Unholy Magic
                  | (Kikubaaqudgha gifted it to you on level 7 of the Dungeon)
  8948 | D:7      | Received a gift from Kikubaaqudgha
  8977 | D:7      | Noticed a troll
  8981 | D:7      | Killed a troll
  9480 | D:7      | Found an opulent altar of Gozag.
  9775 | D:7      | Reached skill level 9 in Necromancy
 10706 | D:8      | Found a broken altar of Ashenzari.
 10882 | D:8      | Reached ** piety under Kikubaaqudgha
 11141 | D:8      | Gained mutation: You are mostly covered in slimy green
                  | scales. (AC +3) [demonic ancestry]
 11141 | D:8      | Reached XP level 10. HP: 51/70 MP: 11/19
 11165 | D:8      | Reached skill level 10 in Necromancy
 11397 | D:8      | Found a hazy altar of Hepliaklqana.
 12124 | D:9      | Noticed a tengu warrior
 12129 | D:9      | Killed a tengu warrior
 13543 | D:10     | Entered Level 10 of the Dungeon
 13564 | D:10     | Noticed Erolcha
 13574 | D:10     | Killed Erolcha
 13629 | D:10     | Reached skill level 1 in Polearms
 13767 | D:10     | Noticed Snorg
 13783 | D:10     | Killed Snorg
 13784 | D:10     | Reached skill level 11 in Necromancy
 14556 | D:11     | Noticed Fannar
 14570 | D:11     | Killed Fannar
 14694 | D:11     | Found a staircase to the Lair.
 14697 | D:11     | Noticed an oklob plant
 14697 | D:11     | Noticed an oklob plant
 14829 | D:11     | Reached *** piety under Kikubaaqudgha
 14829 | D:11     | Identified Kikubaaqudgha's Guide on Black Rites
                  | (Kikubaaqudgha gifted it to you on level 11 of the Dungeon)
 14829 | D:11     | Received a gift from Kikubaaqudgha
 15489 | D:11     | Reached XP level 11. HP: 43/77 MP: 7/20
 15841 | D:11     | Found a staircase to the Orcish Mines.
 16304 | D:11     | Noticed an oklob plant
 16354 | D:11     | Killed an oklob plant
 16355 | D:11     | Killed an oklob plant
 16356 | D:11     | Killed an oklob plant
 16969 | D:12     | Noticed a deep elf mage
 16980 | D:12     | Killed a deep elf mage
 17344 | D:12     | Noticed a centaur warrior
 17347 | D:12     | Killed a centaur warrior
 17348 | D:12     | Reached skill level 12 in Necromancy
 17526 | D:12     | HP: 2/78 [manticore (2)]
 17924 | D:12     | Reached skill level 10 in Armour
 18825 | D:12     | Learned a level 4 spell: Dispel Undead
 18832 | D:12     | Learned a level 6 spell: Death Channel
 18931 | Lair:1   | Entered Level 1 of the Lair of Beasts
 19236 | Lair:1   | Noticed Gastronok
 19247 | Lair:1   | Killed Gastronok
 19453 | Lair:1   | Reached XP level 12. HP: 73/85 MP: 19/24
 19467 | Lair:1   | Reached **** piety under Kikubaaqudgha
 19468 | Lair:1   | Reached skill level 13 in Necromancy
 20154 | Lair:2   | Noticed Urug
 20530 | Lair:2   | Found a staircase to the Snake Pit.
 21143 | Lair:2   | Identified the +6 glaive "Iggecynoe" {speed, rElec rN+
                  | Int+3 Dex+3}
 21150 | Lair:2   | Killed Urug
 22486 | Lair:2   | Found a staircase to the Shoals.
 22622 | Lair:2   | Reached skill level 14 in Necromancy
 22983 | Lair:3   | Reached skill level 5 in Fighting
 23411 | Lair:3   | Reached skill level 10 in Spellcasting
 24423 | Lair:4   | Noticed a catoblepas
 24423 | Lair:4   | Noticed a death yak
 24450 | Lair:4   | Killed a catoblepas
 24457 | Lair:4   | Killed a death yak
 24505 | Lair:4   | Reached XP level 13. HP: 45/93 MP: 14/27
 24508 | Lair:4   | Reached ***** piety under Kikubaaqudgha
 26146 | Lair:5   | Found a viscous altar of Jiyva.
 26237 | Lair:5   | Reached skill level 15 in Necromancy
 26310 | Lair:5   | Learned a level 2 spell: Sublimation of Blood
 26339 | Lair:5   | Reached skill level 5 in Polearms
 26788 | Lair:5   | Found a staircase to the Slime Pits.
 27381 | Lair:6   | Entered Level 6 of the Lair of Beasts
 27547 | Lair:6   | Noticed an entropy weaver
 27552 | Lair:6   | Noticed an entropy weaver
 27563 | Lair:6   | Reached skill level 5 in Dodging
 28006 | Lair:6   | Reached ****** piety under Kikubaaqudgha
 28043 | Lair:6   | Killed an entropy weaver
 28061 | Lair:6   | Noticed a dire elephant
 28079 | Lair:6   | Killed a dire elephant
 28080 | Lair:6   | Killed an entropy weaver
 28081 | Lair:6   | Reached skill level 16 in Necromancy
 28156 | Lair:6   | Reached XP level 14. HP: 48/104 MP: 12/28
 29404 | Lair:6   | Identified 3 scrolls of acquirement
 29492 | Lair:6   | Learned a level 5 spell: Borgnjor's Vile Clutch
 29547 | Lair:6   | Acquired an uncursed staff of death
 29858 | Orc:1    | Entered Level 1 of the Orcish Mines
 29858 | Orc:1    | Noticed Blork the orc
 29871 | Orc:1    | Killed Blork the orc
 30005 | Orc:1    | Paralysed by an orc sorcerer for 6 turns
 30188 | Orc:1    | Received a gift from Kikubaaqudgha
 30706 | Orc:2    | Entered Level 2 of the Orcish Mines
 30804 | Orc:2    | Found a staircase to the Elven Halls.
 30804 | Orc:2    | Noticed a stone giant
 30819 | Orc:2    | Killed a stone giant
 30820 | Orc:2    | Reached skill level 1 in Earth Magic
 31077 | Orc:2    | Found Kaorchudd's Antique Armour Shop.
 31105 | Orc:2    | Found a radiant altar of Vehumet.
 31189 | Orc:2    | Found a roughly hewn altar of Beogh.
 31189 | Orc:2    | Found Kolaar's Antique Armour Boutique.
 31212 | Orc:2    | Found Suob Wop's Magic Scroll Boutique.
 31349 | Orc:2    | Found Nummeri's Gadget Boutique.
 31375 | Orc:2    | Found an ancient bone altar of Kikubaaqudgha.
 31395 | Orc:2    | Bought a pair of masterwork gloves for 304 gold pieces
 31404 | Orc:2    | Bought a scroll of teleportation for 51 gold pieces
 31404 | Orc:2    | Bought a scroll of identify for 34 gold pieces
 31824 | Orc:2    | Identified the +0 pair of gloves of Hangman {Str+6} (You
                  | bought it in a shop on level 2 of the Orcish Mines)
 31899 | Orc:2    | Bought a wand of acid (7) for 308 gold pieces
 32645 | D:13     | Found Beicutae's Weapon Emporium.
 32645 | D:13     | Found Miycacifall's Gadget Emporium.
 33207 | D:13     | Found Efee's Armour Emporium.
 33622 | D:14     | Found a gate to the Vaults.
 33737 | D:14     | Noticed Kirke
 33745 | D:14     | Killed Kirke
 33746 | D:14     | Reached skill level 10 in Fighting
 33786 | D:14     | Noticed Jorgrun
 33793 | D:14     | Killed Jorgrun
 34326 | D:15     | Entered Level 15 of the Dungeon
 34374 | D:15     | Found a sacrificial altar of Ru.
 34399 | D:15     | Gained mutation: A meltable icy envelope protects you from
                  | harm. (AC +10) [demonic ancestry]
 34399 | D:15     | Reached XP level 15. HP: 57/115 MP: 29/29
 34574 | D:15     | Found a staircase to the Depths.
 34716 | D:15     | Found Sosiacif's Antique Armour Shop.
 34792 | D:15     | Reached skill level 10 in Polearms
 34885 | D:15     | Reached skill level 5 in Earth Magic
 35860 | Snake:1  | Entered Level 1 of the Snake Pit
 38603 | Snake:3  | Reached XP level 16. HP: 84/122 MP: 24/30
 40524 | D:11     | Gained mutation: You have a pair of small antennae on your
                  | head. [potion of mutation]
 40524 | D:11     | Gained mutation: You can translocate small distances at
                  | will. [potion of mutation]
 40562 | D:11     | Acquired the ring "Miuleah" {rElec MP+9 Str+5 Int+3 SInv}
 40580 | D:11     | Acquired the ring "Qavoalew" {rF+ Int+4 Dex+2 SInv}
 40713 | Shoals:1 | Entered Level 1 of the Shoals
 40713 | Shoals:1 | Noticed Louise
 40721 | Shoals:1 | Killed Louise
 40850 | Shoals:1 | Noticed Aizul
 40860 | Shoals:1 | Killed Aizul
 41917 | Shoals:2 | Found Ycotood's Gadget Boutique.
 42099 | Shoals:2 | Found a large runed translucent door.
 42099 | Shoals:2 | Found a large runed translucent door.
 42104 | Shoals:2 | Noticed Ettath's ghost (journeyman HOFi)
 42390 | Shoals:2 | Found a runed translucent door.
 42419 | Shoals:2 | Reached skill level 5 in Shields
 42471 | Shoals:2 | Got a smouldering hand crossbow
 42473 | Shoals:2 | Identified the cursed +0 hand crossbow "Pit Ejum" {venom,
                  | rElec} (You found it on level 2 of the Shoals)
 42961 | Shoals:2 | Killed Ettath's ghost
 43576 | Shoals:3 | Reached XP level 17. HP: 128/128 MP: 31/31
 43641 | Shoals:3 | Noticed a kraken
 43657 | Shoals:3 | Killed a kraken
 44079 | Shoals:4 | Entered Level 4 of the Shoals
 44097 | Shoals:4 | Reached skill level 10 in Dodging
 44276 | Shoals:4 | Identified Bugoc's Collected Works on Creative Earth
 45189 | Shoals:4 | Got a barnacled rune of Zot
 45305 | Shoals:4 | Reached skill level 10 in Shields
 46036 | Snake:4  | Entered Level 4 of the Snake Pit
 46039 | Snake:4  | Noticed Vashnia
 46054 | Snake:4  | Killed Vashnia
 46494 | Snake:4  | Reached XP level 18. HP: 54/135 MP: 19/32
 46546 | Snake:4  | HP: 4/135 [naga sharpshooter/bolt (15)]
 46551 | Snake:3  | HP: 6/135 [poisoned by a naga ritualist (toxic radiance)]
 47185 | Snake:4  | Got a serpentine rune of Zot
 47510 | Snake:4  | Found a shimmering blue altar of Sif Muna.
 47719 | Snake:4  | Identified Pextoczeo's Guide on the Escort and Lightness
 48498 | Vaults:1 | Entered Level 1 of the Vaults
 49848 | Vaults:2 | Found Vaahouly's General Store.
 49885 | Vaults:2 | Found a runed translucent gate.
 49885 | Vaults:2 | Noticed howech's ghost (veteran MiGl)
 49886 | Vaults:2 | Found a runed translucent gate.
 49886 | Vaults:2 | Found a runed translucent gate.
 49886 | Vaults:2 | Identified the +2 dire flail "Uxturot" {vorpal, +Rage Will+
                  | Dex-3}
 49888 | Vaults:2 | Identified the amulet of Rimukk {Faith rC- MP-9 Str+7
                  | Slay+2}
 50001 | Vaults:2 | Reached skill level 1 in Fire Magic
 50002 | Vaults:2 | Reached skill level 1 in Transmutations
 50688 | Vaults:2 | Gained mutation: You are completely covered in slimy green
                  | scales. (AC +4, rPois) [demonic ancestry]
 50688 | Vaults:2 | Reached XP level 19. HP: 87/140 MP: 8/34
 51263 | Vaults:2 | Found a roughly hewn altar of Beogh.
 51297 | Vaults:2 | Killed howech's ghost
 51513 | Vaults:3 | Found Ymubitt's Weapon Shoppe.
 51835 | Temple   | Fell from the grace of Kikubaaqudgha
 51835 | Temple   | Became a worshipper of Makhleb the Destroyer
 52601 | Vaults:3 | Found a staircase to the Crypt.
 52603 | Vaults:3 | Identified the Disquisition on the Escort and the Traveller
 52883 | Vaults:3 | Reached * piety under Makhleb
 53097 | Vaults:3 | Got a pitted chain mail
 53107 | Vaults:3 | Identified the cursed +1 chain mail "Pelilab" {Int+3} (You
                  | found it on level 3 of the Vaults)
 53148 | Vaults:3 | Reached ** piety under Makhleb
 53243 | Vaults:3 | Identified the +0 robe of Broken Taboos {rC+ Will+ Slay+2}
                  | (You found it on level 3 of the Vaults)
 53356 | Vaults:3 | Found Ogaoci Omau's Book Boutique.
 53415 | Vaults:3 | Found Beemon's Gadget Shoppe.
 53746 | Vaults:3 | Reached skill level 17 in Necromancy
 53839 | Vaults:3 | Found Datap's Antique Weapon Emporium.
 53841 | Vaults:3 | Got a flickering glass ring
 53939 | Vaults:3 | Reached *** piety under Makhleb
 54324 | Vaults:4 | Found Bomonuss's Weapon Shop.
 54652 | Vaults:4 | Reached skill level 10 in Earth Magic
 54839 | Vaults:4 | Noticed a lich
 54845 | Vaults:4 | Killed a lich
 55022 | Vaults:4 | Learned a level 8 spell: Ignition
 55203 | Vaults:4 | Reached **** piety under Makhleb
 55240 | Vaults:4 | Reached XP level 20. HP: 136/146 MP: 37/37
 55813 | Vaults:4 | Noticed a golden dragon
 55831 | Vaults:4 | Reached skill level 5 in Fire Magic
 55834 | Vaults:4 | Killed a golden dragon
 55853 | Vaults:4 | Identified the ring "Leassas" {Fire Stlth+} (You found it
                  | on level 3 of the Vaults)
 56032 | Vaults:4 | Reached ***** piety under Makhleb
 57108 | Depths:1 | Entered Level 1 of the Depths
 57218 | Depths:1 | Found a runed translucent door.
 57288 | Depths:1 | Found a gateway to Hell.
 57539 | Depths:1 | Found Qiacoace's Antique Armour Boutique.
 57540 | Depths:1 | Found Ryczaups's Armour Boutique.
 57540 | Depths:1 | Found Tabbargh's Assorted Antiques.
 57545 | Depths:1 | Found Quunul's Armour Shop.
 57985 | Depths:1 | Got a shimmering ring mail
 57995 | Depths:1 | Identified the +0 ring mail of the Loofah {rC+ Dex+2} (You
                  | found it on level 1 of the Depths)
 58057 | Depths:2 | Reached ****** piety under Makhleb
 58534 | Depths:3 | Noticed Nikola
 58543 | Depths:3 | Killed Nikola
 58644 | Depths:3 | Identified the Disquisition on the Rocks and Creation
 58823 | Depths:3 | Noticed a juggernaut
 58834 | Depths:3 | Noticed a golden dragon
 58839 | Depths:3 | Found a runed translucent door.
 58877 | Depths:3 | Killed a golden dragon
 58878 | Depths:3 | Reached skill level 18 in Necromancy
 58899 | Depths:3 | Killed a juggernaut
 58900 | Depths:3 | Gained mutation: You have hooves in place of feet. [demonic
                  | ancestry]
 58900 | Depths:3 | Reached XP level 21. HP: 153/153 MP: 11/39
 58951 | Depths:3 | You fall into a shaft and drop 2 floors!
 58951 | Depths:5 | Entered Level 5 of the Depths
 58951 | Depths:5 | Noticed Frederick
 58952 | Depths:5 | Noticed Boris
 59000 | Depths:4 | Found a one-way gate to the infinite horrors of the Abyss.
 59498 | Depths:4 | Noticed Margery
 59511 | Depths:4 | Reached skill level 15 in Spellcasting
 59515 | Depths:4 | Killed Margery
 59586 | Depths:4 | Found a gateway to a ziggurat.
 59906 | Depths:4 | You fall into a shaft and drop 1 floor!
 59915 | Depths:5 | Killed Frederick
 59939 | Depths:5 | Noticed Saint Roka
 59962 | Depths:5 | Killed Saint Roka
 60081 | Depths:5 | Found Titwiret's Blood Bar.
 60198 | Depths:5 | Killed Boris
 60214 | Depths:5 | Gained mutation: Scrolls take you a little longer to read.
                  | [a neqoxec]
 60222 | Depths:5 | Lost mutation: Scrolls take you a little longer to read.
                  | [potion of mutation]
 60222 | Depths:5 | Lost mutation: You have a pair of small antennae on your
                  | head. [potion of mutation]
 60222 | Depths:5 | Gained mutation: Your muscles are strong. (Str +2) [potion
                  | of mutation]
 60222 | Depths:5 | Gained mutation: You are frail. (-10% HP) [potion of
                  | mutation]
 60222 | Depths:5 | Gained mutation: Your system is resistant to poisons.
                  | (rPois) [potion of mutation]
 60223 | Depths:5 | Lost mutation: You are frail. (-10% HP) [potion of
                  | mutation]
 60223 | Depths:5 | Gained mutation: You have supernaturally acute eyesight.
                  | (SInv) [potion of mutation]
 60223 | Depths:5 | Gained mutation: You evolve. [potion of mutation]
 60904 | Depths:5 | Found a gate to the Realm of Zot.
 61343 | Depths:5 | Gained mutation: You are resistant to electric shocks.
                  | (rElec) [evolution]
 61343 | Depths:5 | Lost mutation: You evolve. [end of evolution]
 61376 | Depths:5 | HP: 3/153 [caustic shrike skeleton[the malice of
                  | Kikubaaqudgha] (19)]
 61376 | Depths:5 | Mangled by a caustic shrike skeleton

Illustrated notes

Levels and vault maps discovered:
D:1:      ldierk_walled_garden, layout_basic
D:2:      layout_loops_ring, cheibriados_altar_2, minmay_tiny_reverse_x
D:3:      layout_basic, nzn_wu_jian_contemplation,
          nicolae_overflow_hidden_temple, nrook_campfire,
          nemelex_spade_bored_becter
D:4:      layout_basic, vehumet_statue, minmay_misc_feat_pillars,
          chei_slow_surprise, uniq_robin
D:5:      layout_cave_pools, lemuel_round_altar, minmay_temple_entry_slanted,
          uniq_prince_ribbit1, uniq_pikel
D:6:      layout_loops_corners, nicolae_dithmenos_the_darkroom, uniq_sigmund
D:7:      layout_basic, kennysheep_mini, st_stairs_9, minmay_misc_feat_tower
D:8:      layout_gridville, lemuel_doored_altar, nzn_hepliaklqana_mist_gate
D:9:      layout_grid_maze, kb_rosetta
D:10:     layout_loops_corners, uniq_erolcha, uniq_snorg
D:11:     layout_rooms, dpeg_oklobed_lair, erik_orc_1, uniq_fannar
D:12:     layout_stronghold, kennysheep_minor_cross, kennysheep_generic_room_9
D:13:     layout_rooms, serial_shops, shop, nicolae_shop_crystal,
          nicolae_shop_behind_doors, minmay_joined_circles
D:14:     layout_stronghold, david_vaults_2, hangedman_decor_slide_cut,
          drop_trap, hangedman_decor_riveting, uniq_kirke, uniq_jorgrun
D:15:     gammafunk_enter_depths_forms, layout_loops_ring, serial_shops,
          nicolae_shop_stone, nicolae_ru_awakened_eye
Temple:   jpeg_temple_clearing
Lair:1:   layout_regular_city, uniq_gastronok
Lair:2:   layout_regular_city, elwin_shoals_entry_rooms, dummy_snake_entry,
          uniq_urug
Lair:3:   layout_chaotic_city, serial_bayou_crossing, serial_bayou_shore_a
Lair:4:   layout_small_grid, serial_rivers, chequers_serial_rivers_small_b,
          chequers_serial_rivers_small_3, chequers_serial_rivers_large_b,
          chequers_serial_rivers_small_b, nicolae_lair_yak_garden
Lair:5:   layout_layer_cave, slime_altar_1, beast_lair_carwin_9,
          grunt_megastairs_5, lemuel_fruit_tree
Lair:6:   gammafunk_lair_ancient_temple, layout_regular_city, zaba_anthell
Shoals:1: layout_shoals, argonaut_gorgonesque, uniq_aizul, uniq_louise
Shoals:2: layout_shoals, serial_shops, shop, ebering_ghost_disaster_area,
          lightli_airlock
Shoals:3: layout_shoals, nicolae_shoals_so_close
Shoals:4: shoals_end_grunt_garden, layout_shoals, hangedman_shoal_volcano
Snake:1:  layout_layer_cave, grunt_ministairs_15, drop_trap, st_stairs_4,
          grunt_megastairs_1
Snake:2:  cheibrodos_snake_ritualist_ritual, layout_concentric_octagons
Snake:3:  layout_chambers
Snake:4:  grunt_snake_rune_spirals, layout_onion, basic_altar, uniq_vashnia
Orc:1:    layout_diamond_mine, sword_in_stone
Orc:2:    kennysheep_orc_mage_school, layout_caves
Vaults:1: ontoclasm_vaults_shuriken, nicolae_vaults_network_barrier,
          hangedman_vaults_trim, vaults_room_large_hall,
          nicolae_vaults_rhombus_6, layout_vaults_quadrants
Vaults:2: biasface_vaults_ghost_orc_armoury, grunt_vaults_hallway_long,
          st_smaller_cells, grunt_vaults_funnel, grunt_vaults_hallway_short,
          ontoclasm_vaults_claustrophobia, v_misc_10, vaults_room_boxed,
          ontoclasm_vaults_loading_screen, nicolae_vaults_shelves_hall,
          nicolae_vaults_diagonal_hallway_8, v_rooms_3, layout_vaults_big_room,
          serial_shops, shop
Vaults:3: minmay_crypt_entry_simple_corners, nicolae_vaults_network_quinsquares
          [nicolae_vaults_network_quincunx_subvault,
          nicolae_vaults_network_quincunx_subvault,
          nicolae_vaults_network_quincunx_subvault,
          nicolae_vaults_network_quincunx_subvault],
          nicolae_vaults_puzzle_piece, v_misc_31, ontoclasm_vaults_fault,
          vaults_room_glass_cross, hangedman_vaults_restitches,
          vaults_dpeg_cross, v_misc_4, ontoclasm_vaults_pinch,
          nicolae_vaults_circle_grid_a, layout_vaults_maze, serial_shops,
          nicolae_shop_crystal, shop, shop, shop
Vaults:4: v_pattern_2, ontoclasm_vaults_gallery, dpeg_vaults_monster_box,
          v_alt_pattern_2, hangedman_vaults_slither,
          nicolae_vaults_yaktaur_gun_rack, hangedman_vaults_stitches, v_misc_25,
          vaults_dpeg_ring, vaults_room_door_ring,
          nicolae_vaults_little_squares_1, vaults_dpeg_doors,
          ontoclasm_vaults_ligature, layout_vaults_omnibox, serial_shops, shop
Depths:1: layout_cave_pools, hell_entry, kennysheep_treasure_room,
          minmay_shoptagon
Depths:2: lemuel_river_lethe, hell_entry, pan_entry
Depths:3: wad_pebble_path, layout_basic, rand_demon_pan_entry_4,
          hangedman_geh_valley, serial_glass, glass_columns_b, glass_columns_a,
          grunt_decor_one_mirror, minmay_st_funbox, solitary_fountain,
          st_stairs_7, uniq_nikola
Depths:4: grunt_twist_and_shout, layout_gridlike, enter_ziggurat_b,
          grunt_metal_band, serial_sigils_hangedman_snap,
          nicolae_abyss_entry_one_way_or_another,
          hangedman_decor_diamond_cutter, infiniplex_staircase_split_hallway
Depths:5: grunt_x_marks_the_spot, layout_cave_shapes,
          chequers_serial_rivers_micro_b, rand_demon_pan_entry_7,
          pf_hell_entry_tar_river, guppyfry_shop_blood, uniq_frederick,
          uniq_boris, uniq_saint_roka

Skill      XL: |  1  2  3  4  5  6  7  8  9 10 11 12 13 14 15 16 17 18 19 20 21 |
---------------+----------------------------------------------------------------+-----
Spellcasting   | 3 4 5 6 8 10 11 13 14 15 | 15.8
Necromancy     | 5 6 7 8 9 11 12 14 16 17 18 | 18.0
Fighting       | 1 2 3 4 5 7 10 | 10.2
Shields        | 2 4 5 12 14 | 14.3
Armour         | 1 5 7 9 10 | 10.0
Polearms       | 2 3 4 6 9 11 13 14 | 14.0
Dodging        | 3 5 6 7 9 10 | 10.0
Earth Magic    | 4 7 8 10 11 12 | 12.0
Fire Magic     | 2 4 7 8 |  8.7
Transmutations | 2 |  2.8
Stealth        | |  1.7

Action                   |  1- 3 |  4- 6 |  7- 9 | 10-12 | 13-15 | 16-18 | 19-21 || total
-------------------------+-------+-------+-------+-------+-------+-------+-------++-------
Melee: Unarmed           |     1 |       |       |       |       |       |       ||     1
       Spear             |    12 |     5 |    33 |       |       |       |       ||    50
       Trident           |       |       |   265 |   772 |   463 |    54 |   589 ||  2143
       Kick              |       |       |       |   228 |   189 |       |    37 ||   454
       Glaive            |       |       |       |   106 |   301 |       |       ||   407
       Staff             |       |       |       |       |    21 |   129 |    65 ||   215
       Demon trident     |       |       |       |       |       |       |    98 ||    98
Throw: Javelin           |     3 |       |    13 |    10 |    12 |    10 |     1 ||    49
 Cast: Pain              |    73 |    97 |   152 |    26 |       |       |       ||   348
       Animate Skeleton  |    13 |    13 |    21 |    14 |     1 |     1 |       ||    63
       Vampiric Draining |       |    11 |    20 |    30 |     3 |     1 |       ||    65
       Agony             |       |       |       |    31 |     9 |       |       ||    40
       Animate Dead      |       |       |       |    15 |    61 |    36 |    25 ||   137
       Death Channel     |       |       |       |     2 |   104 |    71 |    64 ||   241
       Sublimation of Bl |       |       |       |       |    96 |   125 |    83 ||   304
       Borgnjor's Vile C |       |       |       |       |   115 |   388 |   330 ||   833
       Dispel Undead     |       |       |       |       |       |     3 |     4 ||     7
Invok: Receive Corpses   |       |       |       |     4 |    17 |     4 |     1 ||    26
       Receive Necronomi |       |       |       |       |     1 |       |       ||     1
 Abil: Blink             |       |       |       |       |       |       |     9 ||     9
Evoke: Wand              |       |       |       |     9 |    10 |     1 |     3 ||    23
  Use: Scroll            |       |     3 |     4 |    11 |    12 |    15 |     9 ||    54
       Potion            |       |       |       |     8 |     8 |     5 |     3 ||    24
 Stab: Distracted        |       |       |     1 |     3 |    26 |     5 |    16 ||    51
       Confused          |       |       |       |     3 |       |       |       ||     3
       Sleeping          |       |       |       |       |     1 |       |     1 ||     2
Armor: Robe              |     1 |    32 |     4 |       |       |       |       ||    37
       Ring mail         |       |       |   261 |   428 |   327 |   192 |   150 ||  1358
Dodge: Dodged            |    25 |    75 |   256 |   513 |   522 |   254 |   224 ||  1869
Block: Buckler           |       |       |   110 |   177 |   118 |    29 |       ||   434
       Kite shield       |       |       |       |       |       |   263 |   359 ||   622
       Reflection        |       |       |       |       |       |    98 |    28 ||   126
